 Dungeon Crawl Stone Soup version 0.31-a0-1612-g4aaf141004 (webtiles) character file.

Game seed: 13600676502786111460

7064 Gargoyl the Cleaver (level 11, -13/68 HPs)
             Began as a Gargoyle Berserker on Jan 9, 2024.
             Was an Elder of Trog.
             Mangled by a large abomination (18 damage)
             ... on level 1 of the Abyss.
             The game lasted 00:12:40 (6417 turns).

Gargoyl the Cleaver (Gargoyle Berserker)            Turns: 6417, Time: 00:12:41

Health: -13/68     AC: 17    Str: 25      XL:     11   Next: 9%
Magic:  11/11      EV: 14    Int:  5      God:    Trog [****..]
Gold:   417        SH:  5    Dex: 16 (18) Spells: 10/10 levels left

rFire   . . .        u - +1 hand axe (elec)
rCold   x . .        (no shield)
rNeg    + . .        d - +0 steam dragon scales
rPois   ∞            (no helmet)
rElec   +            (no cloak)
rCorr   .            (no gloves)
SInv    .            i - +2 pair of boots
Will    .....        o - amulet of reflection
Stlth   ++           h - +6 ring of dexterity
HPRegen 0.31/turn    (no ring)
MPRegen 0.12/turn

%: reflection
@: about to teleport
A: sickness immunity, AC +8, negative energy resistance 1, electricity
resistance, torment resistance 1, petrification resistance, dopey 1, strong 1,
cold vulnerability 1
a: Renounce Religion, Berserk, Trog's Hand, Brothers in Arms


You were on level 1 of the Abyss.
You worshipped Trog.
Trog was greatly pleased with you.
You visited 1 branch of the dungeon, and saw 9 of its levels.
You visited the Abyss 1 time.

You collected 477 gold pieces.
You spent 60 gold pieces at shops.

Inventory:

Hand Weapons
 a - a +1 heavy hand axe
 g - a +4 triple sword of electrocution
 u - a +1 hand axe of electrocution (weapon)
 x - a +1 vampiric war axe
Missiles
 n - 17 poisoned darts (quivered)
Armour
 d - +0 steam dragon scales (worn)
 i - a +2 pair of boots (worn)
Jewellery
 h - a +6 ring of dexterity (left hand)
 l - an amulet of faith
 o - an amulet of reflection (around neck)
 z - an amulet of the acrobat
Wands
 m - a wand of charming (39)
 q - a wand of flame (23)
 v - a wand of iceblast (2)
Scrolls
 b - 2 scrolls of fear
 p - 2 scrolls of teleportation
Potions
 e - 2 potions of lignification
 j - 2 potions of invisibility
 k - a potion of cancellation
 r - a potion of magic
 s - a potion of berserk rage {unknown}
 t - 3 potions of might {unknown}


   Skills:
 + Level 7.8 Fighting
 + Level 6.0 Long Blades
 + Level 10.1 Axes
 + Level 6.2 Armour
 + Level 4.5 Dodging
 + Level 3.2 Stealth
 + Level 4.7 Shields


You had 10 spell levels left.
You didn't know any spells.
Your spell library was empty.

Dungeon Overview and Level Annotations

Branches:
Dungeon (9/15)             Temple (0/1) D:4
   Lair: D:8-11         Orc: D:9-12

Altars:
Dithmenos
Fedhas
Hepliaklqana

Shops:
D:1 [   D:7 !(:!?

Annotations:
D:8 2 transporters
D:9 Erolcha


Innate Abilities, Weirdness & Mutations

You are immune to sickness and miasma.
Your stone body is resilient. (AC +8)
You are immune to poison.
You resist negative energy. (rN+)
You are resistant to electric shocks. (rElec)
You are resistant to unholy torment.
You are immune to petrification.
You are dopey. (Int -2)
Your muscles are strong. (Str +4, Int/Dex -1)
You are vulnerable to cold. (rC-)


Message History

The large abomination hits you.
* * * LOW HITPOINT WARNING * * *
Unknown command.
You feel better.
The weeping skull unleashes gushing sobs.
The wave of grief passes through you. You partially resist.
You feel better.
You block the large abomination's attack.
The weeping skull completely misses you.
Unknown command.
You feel better. The large abomination hits you!!
* * * LOW HITPOINT WARNING * * *
The weeping skull misses you.
Unknown command.
The large abomination attacks as it pursues you!
The large abomination hits you!
* * * LOW HITPOINT WARNING * * *
A thrashing horror comes into view.
The weeping skull releases gushing sobs.
The wave of grief passes through you. You partially resist.
Your skin stops crawling.
You feel less strong-willed.
The large abomination hits you but does no damage.
You hit the large abomination.
The large abomination is heavily damaged.
Unknown command.
You barely miss the large abomination.
The large abomination is heavily damaged.
You hit the worldbinder but do no damage.
The worldbinder misses you.
The worldbinder hits you but does no damage.
The large abomination hits you but does no damage.
Unknown command.
You hit the large abomination.
The large abomination is heavily damaged.
You barely miss the worldbinder.
You recover from your berserk rage.
The worldbinder barely misses you.
The worldbinder hits you but does no damage.
The large abomination hits you!!
You die...

§#..# X ##...
#... .#.#.
#...## . . #....
.#...#. #X
#.#..#.# .... b.
#.#..#....
#.###.#.○#.# .
#......zx## .
....#..○..#X@#
#.. b ##
#...#### # ##..
#.....# #..#
#....#...##§....
# #°.'...##
....# #. .
).##...§. ##
#####. .N ##..
.# .#####..## .
#. . '. ..##
...# #


You could see a large abomination, a worldbinder and a weeping skull.

Vanquished Creatures
  A two-headed ogre (D:8)
  The ghost of capka3m the Ruffian, a novice TrSh (D:5)
  An efreet (Abyss:1)
  An unseen horror (D:6)
  A tormentor (Abyss:1)
  The ghost of Drangen the Skirmisher, an amateur GnHu of Okawaru (D:6)
  A hornet (D:8)
  The ghost of Fandomethor the Ducker, an amateur DjSh (D:3)
  A shadow (D:8)
  The ghost of iamserjio the Firebug, an amateur TeFE (D:3)
  Grum (D:8)
  2 steam dragons
  Menkaure (D:6)
  3 black bears
  3 ice beasts (D:7)
  6 orc warriors (D:8)
  2 sky beasts
  2 ogres
  3 wolves (D:8)
  The ghost of Dirol the Poker, an amateur MfGl (D:3)
  2 centaurs (D:8)
  A gnoll sergeant (D:7)
  A scorpion (D:7)
  3 bullfrogs
  6 wights
  The ghost of Trezzon the Covered, a weakling MiFi (D:3)
  5 killer bees (D:8)
  The ghost of ArtD the Magician, a weakling DsHW (D:3)
  2 jellies
  2 bombardier beetles
  3 orc priests (D:8)
  A gnoll bouda (D:7)
  6 hounds
  An iguana (D:5)
  Ijyb (D:4)
  6 orc wizards
  6 gnolls
  5 adders
  A shadow imp (D:5)
  A white imp (D:6)
  2 ufetubi (D:7)
  A dart slug (D:1)
  4 ribbon worms
  41 orcs
  6 bats
  4 endoplasms
  7 giant cockroaches
  10 goblins
  12 hobgoblins
  6 jackals (D:3)
  4 kobolds
  2 quokkas
  5 ball pythons
  4 frilled lizards
  12 rats
209 creatures vanquished.

Vanquished Creatures (collateral kills)
  A killer bee (D:8)
  2 orcs (D:8)
3 creatures vanquished.

Vanquished Creatures (others)
  A wolf (D:8)
  A white imp (D:8)
2 creatures vanquished.

Grand Total: 214 creatures vanquished

Notes
Turn   | Place    | Note
-------+----------+-------------------------------------------
     0 | D:1      | Gargoyl the Gargoyle Berserker began the quest for the Orb.
     0 | D:1      | Reached XP level 1. HP: 14/14 MP: 1/1
    32 | D:1      | Found a faded altar of an unknown god.
   151 | D:1      | Reached XP level 2. HP: 19/19 MP: 2/2
   211 | D:1      | Reached skill level 3 in Axes
   225 | D:1      | Found Juthuste's Armour Emporium.
   225 | D:1      | Noticed an animated crystal plate armour
   227 | D:1      | Noticed an animated plate armour
   390 | D:1      | Reached ** piety under Trog
   391 | D:1      | Reached XP level 3. HP: 23/24 MP: 3/3
  1170 | D:2      | Identified a scroll of acquirement
  1170 | D:2      | Acquired a +4 triple sword of electrocution
  1472 | D:3      | Found a runed translucent gate.
  1472 | D:3      | Found a runed translucent gate.
  1475 | D:3      | Found a runed translucent gate.
  1560 | D:3      | Reached XP level 4. HP: 29/29 MP: 4/4
  1599 | D:3      | Reached skill level 4 in Axes
  1625 | D:3      | Reached XP level 5. HP: 31/33 MP: 5/5
  1813 | D:3      | Reached *** piety under Trog
  2047 | D:3      | Noticed ArtD's ghost (weakling DsHW)
  2047 | D:3      | Noticed iamserjio's ghost (amateur TeFE)
  2047 | D:3      | Noticed Trezzon's ghost (weakling MiFi)
  2047 | D:3      | Noticed Dirol's ghost (amateur MfGl)
  2047 | D:3      | Noticed Fandomethor's ghost (amateur DjSh)
  2056 | D:3      | Killed ArtD's ghost
  2063 | D:3      | Killed iamserjio's ghost
  2063 | D:3      | Killed Dirol's ghost
  2064 | D:3      | Reached skill level 5 in Axes
  2064 | D:3      | Reached XP level 6. HP: 36/39 MP: 6/6
  2064 | D:3      | Killed Trezzon's ghost
  2065 | D:3      | Reached XP level 7. HP: 29/44 MP: 7/7
  2070 | D:3      | Killed Fandomethor's ghost
  2071 | D:3      | Reached skill level 6 in Axes
  2226 | D:4      | Reached skill level 5 in Fighting
  2305 | D:4      | Found a staircase to the Ecumenical Temple.
  2310 | D:4      | Noticed Ijyb
  2315 | D:4      | Killed Ijyb
  2473 | D:4      | Found a hazy altar of Hepliaklqana.
  2743 | D:5      | Entered Level 5 of the Dungeon
  2747 | D:5      | Reached XP level 8. HP: 49/49 MP: 8/8
  2863 | D:5      | Reached skill level 1 in Shields
  3178 | D:5      | Found a runed translucent door.
  3195 | D:5      | Noticed capka3m's ghost (novice TrSh)
  3208 | D:5      | Killed capka3m's ghost
  3209 | D:5      | Reached skill level 7 in Axes
  3209 | D:5      | Reached skill level 1 in Stealth
  3246 | D:5      | Found a blossoming altar of Fedhas.
  3400 | D:6      | Found a runed translucent door.
  3440 | D:6      | Noticed Drangen's ghost (amateur GnHu)
  3456 | D:6      | Reached skill level 8 in Axes
  3528 | D:6      | Reached skill level 5 in Armour
  3528 | D:6      | Reached XP level 9. HP: 50/55 MP: 9/9
  3598 | D:6      | Noticed Menkaure
  3606 | D:6      | Killed Menkaure
  3960 | D:6      | Reached skill level 1 in Long Blades
  4097 | D:6      | Killed Drangen's ghost
  4132 | D:6      | Killed an unseen horror
  4269 | D:7      | Found Morref's Magic Scroll Shop.
  4526 | D:7      | Reached **** piety under Trog
  4537 | D:7      | Found Zifusiu's Book Emporium.
  4650 | D:7      | Reached XP level 10. HP: 53/61 MP: 10/10
  4749 | D:7      | Found Gesae's Distillery.
  4804 | D:7      | Reached skill level 5 in Long Blades
  4809 | D:7      | Found Heraidoe's Weapon Shoppe.
  5067 | D:7      | Found Losuv's Distillery.
  5071 | D:7      | Bought a potion of heal wounds for 60 gold pieces
  5456 | D:8      | Found a shadowy altar of Dithmenos.
  5548 | D:8      | Found a transporter.
  5562 | D:8      | Found a transporter.
  5572 | D:8      | Noticed Grum
  5587 | D:8      | Killed Grum
  5588 | D:8      | Reached skill level 9 in Axes
  5936 | D:8      | Noticed a two-headed ogre
  5950 | D:8      | Killed a two-headed ogre
  6159 | D:9      | Gained mutation: You are vulnerable to cold. (rC-) [potion
                  | of mutation]
  6159 | D:9      | Gained mutation: Your muscles are strong. (Str +4, Int/Dex
                  | -1) [potion of mutation]
  6159 | D:9      | Gained mutation: You are dopey. (Int -2) [potion of
                  | mutation]
  6223 | D:9      | Reached XP level 11. HP: 50/67 MP: 11/11
  6292 | D:9      | Noticed Erolcha
  6295 | Abyss:1  | Cast into level 1 of the Abyss (Erolcha)
  6376 | Abyss:1  | Reached skill level 10 in Axes
  6389 | Abyss:1  | Noticed a large abomination
  6399 | Abyss:1  | Noticed a worldbinder
  6402 | Abyss:1  | Noticed a naga warrior
  6406 | Abyss:1  | Noticed a large abomination
  6412 | Abyss:1  | Noticed a thrashing horror
  6417 | Abyss:1  | Mangled by a large abomination

Illustrated notes

Levels and vault maps discovered:
D:1:      mrwooster_arrival_statue_2, layout_basic,
          dreamdust_ecumenical_altar_grove, serial_shops,
          nicolae_shop_mannequins, st_stairs_13, hangedman_decor_riveting
D:2:      layout_basic
D:3:      layout_basic, gammafunk_ghost_cemetery
D:4:      kennysheep_the_goblin_king, layout_basic,
          mainiacjoe_overflow_24_doors, nicolae_overflow_hidden_temple,
          minmay_temple_entry_stoned_glass, abandoned_shop, uniq_ijyb
D:5:      layout_loops_cross, amcnicky_altar_gilded,
          ebering_ghost_reflecting_pool
D:6:      layout_basic, ebering_ghost_inner_flame, minmay_misc_feat_rows,
          uniq_menkaure
D:7:      layout_basic, serial_shops, nicolae_shop_stone,
          nicolae_shop_rolling_square, shop, nicolae_shop_hallway_plus, shop,
          minmay_increasing_density
D:8:      layout_gridville, mainiacjoe_overflow_brackets, special_room
          [special_room_orc], nicolae_transporter_circle, uniq_grum, uniq_joseph
D:9:      wad_crossroads, layout_basic, lair_entry_dummy,
          chequers_decorated_corner, uniq_erolcha, uniq_jeremiah
Abyss:1:  base:
D:8

Skill      XL: |  1  2  3  4  5  6  7  8  9 10 11 |
---------------+----------------------------------+-----
Axes           | 3 4 5 6 8 9 10 | 10.1
Dodging        | 2 4 |  4.5
Fighting       | 4 5 6 7 |  7.8
Armour         | 3 4 5 6 |  6.2
Shields        | 2 3 4 |  4.7
Stealth        | 1 2 3 |  3.2
Long Blades    | 4 6 |  6.0

Action                     |  1- 3 |  4- 6 |  7- 9 | 10-12 || total
---------------------------+-------+-------+-------+-------++-------
  Melee: Hand axe          |   110 |    50 |    87 |   123 ||   370
         Punch             |     1 |       |     1 |     4 ||     6
         Triple sword      |       |       |    99 |    31 ||   130
  Throw: Dart              |       |       |       |     1 ||     1
 Invoke: Berserk           |     1 |     1 |     5 |     6 ||    13
         Trog's Hand       |       |     1 |     4 |     6 ||    11
         Brothers in Arms  |       |       |       |     1 ||     1
    Use: Scroll            |     8 |     1 |    11 |     4 ||    24
         Potion            |       |       |       |     7 ||     7
   Stab: Sleeping          |       |       |       |     1 ||     1
 Armour: Animal skin       |    65 |       |       |       ||    65
         Plate armour      |     9 |    85 |   321 |       ||   415
         Steam dragon scal |       |       |       |   191 ||   191
  Dodge: Dodged            |   103 |    25 |   113 |   182 ||   423
  Block: Other             |       |       |    56 |    56 ||   112
         Reflection        |       |       |       |     2 ||     2

Table legend: (Time is in decaauts)
 A = Elapsed time spent in this place.
 B = Non-inter-level travel time spent in this place.
 C = Inter-level travel time spent in this place.
 D = Time resting spent in this place.
 E = Time spent auto-exploring this place.
 F = Levels seen in this place.
 G = Mean time per level.
                   A        B        C        D        E       F      G
               +--------+--------+--------+--------+--------+-----+--------+
         Total |   6724 |   6401 |    323 |    240 |   4362 |  10 |  672.4 |
       Dungeon |   6596 |   6273 |    323 |    204 |   4328 |   9 |  732.9 |
         Abyss |    127 |    127 |      0 |     36 |     34 |   1 |  127.0 |
               +--------+--------+--------+--------+--------+-----+--------+

Top non-repeatable levels by time:
     D:6: 1138 daAuts
     D:7: 975 daAuts
     D:8: 813 daAuts
     D:1: 786 daAuts
     D:3: 742 daAuts
     D:2: 689 daAuts
     D:5: 682 daAuts
     D:4: 633 daAuts
     D:9: 136 daAuts
 Abyss:1: 127 daAuts
